 Dungeon Crawl Stone Soup version 0.23.2-1-ga50397a (webtiles) character file.

Game seed: 2532461663866714641

26058 Fang the Fighter (level 13, -2/87 HPs)
             Began as a Gargoyle Berserker on Apr 24, 2019.
             Was a High Priest of Trog.
             Slain by a komodo dragon (32 damage)
             ... on level 3 of the Lair of Beasts.
             The game lasted 00:17:40 (13985 turns).

Fang the Fighter (Gargoyle Berserker)              Turns: 13985, Time: 00:17:41

Health: -2/87      AC: 27    Str: 28    XL:     13   Next: 23%
Magic:  0/13       EV: 17    Int:  9    God:    Trog [*****.]
Gold:   1056       SH:  0    Dex:  9    Spells: 12/12 levels left

rFire    . . .     SeeInvis .   A - +9 war axe "Qyofol" {speed, Fragile MR+ Str+3}
rCold    . . .     Gourm    .   (no shield)
rNeg     + . .     Faith    .   b - +0 plate armour
rPois    ∞         Spirit   +   (no helmet)
rElec    +         Reflect  .   D - scarf {Spirit}
rCorr    +         Harm     .   (no gloves)
MR       +++..                  E - +1 pair of boots {Stlth+}
Stlth    ..........             (no amulet)
HPRegen  1.24/turn              y - ring of resist corrosion
MPRegen  0.13/turn              e - +5 ring of evasion

@: starving, regenerating
A: negative energy resistance 1, electricity resistance, unbreathing,
petrification resistance, rot immunity, AC +9
a: Berserk, Trog's Hand, Brothers in Arms, Renounce Religion


You were on level 3 of the Lair of Beasts.
You worshipped Trog.
Trog was extremely pleased with you.
You were starving.

You visited 3 branches of the dungeon, and saw 15 of its levels.
You also visited: Ossuary.

You collected 1251 gold pieces.
You spent 195 gold pieces at shops.

Inventory:

Hand Weapons
 a - a +0 war axe
 n - the +8 mace of Slow Death {venom, rC- Int+5 Dex+9}
   (You found it on level 4 of the Dungeon)

   It poisons the flesh of those it strikes.
   It affects your intelligence (+5).
   It affects your dexterity (+9).
   It makes you vulnerable to cold.
 x - a +0 battleaxe of flaming
 A - the +9 war axe "Qyofol" (weapon) {speed, Fragile MR+ Str+3}
   (You found it on level 1 of the Lair of Beasts)

   Attacks with this weapon are significantly faster.
   It affects your strength (+3).
   It affects your resistance to hostile enchantments.
   It will be destroyed if unequipped.
 B - a +6 battleaxe of electrocution
 F - a +7 antimagic war axe
 O - a +4 battleaxe of venom
Armour
 b - a +0 plate armour (worn)
 m - a +1 cloak
 D - a scarf of spirit shield (worn)
 E - a +1 pair of boots of stealth (worn)
Jewellery
 e - a +5 ring of evasion (right hand)
 h - an uncursed ring of fire
 r - an uncursed ring of ice
 t - a +2 ring of dexterity
 v - an uncursed ring of protection from magic
 y - a ring of resist corrosion (left hand)
 H - an uncursed ring of flight
Wands
 f - a wand of polymorph (28)
 u - a wand of iceblast (9)
 G - a wand of flame (25)
 K - a wand of paralysis (12)
 M - a wand of digging (10)
Scrolls
 g - 13 scrolls of remove curse
 j - 2 scrolls of fog
 o - 13 scrolls of teleportation
 w - 2 scrolls of blinking
 I - 6 scrolls of identify
 J - a scroll of fear
Potions
 d - 5 potions of heal wounds
 i - 9 potions of curing
 k - 4 potions of ambrosia
 l - a potion of agility
 p - a potion of mutation
 q - 2 potions of magic
 s - 5 potions of flight
 z - a potion of berserk rage
 C - a potion of resistance
 L - a potion of haste
Comestibles
 c - 33 rations


   Skills:
 + Level 12.3 Fighting
 + Level 10.5 Axes
 + Level 12.1 Armour
 + Level 9.5 Dodging


You had 12 spell levels left.
You didn't know any spells.
Your spell library was empty.

Dungeon Overview and Level Annotations

Branches:
Dungeon (11/15)            Temple (1/1) D:6            Lair (3/6) D:11
  Snake (0/4) Lair:2
  Swamp: Lair:2-4    Shoals: Lair:2-4       Orc: D:9-12

Altars:
Ashenzari
Cheibriados
Fedhas
Gozag
Hepliaklqana
Kikubaaqudgha
Nemelex Xobeh
Qazlal
Vehumet
Wu Jian
Yredelemnul
Zin
The Shining One

Shops:
D:10 [

Annotations:
Lair:3 1 transporter, Keith's ghost, journeyman GrBe


Innate Abilities, Weirdness & Mutations

You are resistant to torment.
Your stone body is resilient. (AC +9)
You are immune to poison.
You resist negative energy. (rN+)
You are resistant to electric shocks. (rElec)
You can survive without breathing.
You are immune to petrification.
You are immune to rotting.


Message History

You are too injured to fight recklessly!
Your skin crawls.
You feel resistant to hostile enchantments.
You feel somewhat more hungry. The black mamba bites you.
The komodo dragon bites you! The steam dragon barely misses you.
The steam dragon closely misses you.
Keith's ghost hits you but does no damage.
The moth of wrath goads the black mamba on!
The black mamba goes berserk!
The moth of wrath goads the steam dragon on!
The steam dragon goes berserk!
Your troll goes berserk!
You are starving!
The black mamba completely misses you. The black mamba bites you!
The komodo dragon bites you but does no damage.
The steam dragon bites you but does no damage.
The steam dragon misses you. The black mamba barely misses you.
The moth of wrath bites you but does no damage.
Keith's ghost barely misses you. The komodo dragon bites you!!!
You die...

#####..###.#...(...##..##
....#...#....#####...#..#
....#...##.###...###....#
....#..###.#......$##..##
#####..###.#...#.#..#..##
..#...#...#.#..#...#
#.##.#.....##..##
#.#.#...#S!#...# ##.#
#D@W!#©..#
#..##..Tyl#!#...#
#..©#.#..k#?##.##
#..##..##.#. #.#
##..#©..#...#.#.## #
#...##....#..##.P#
##..#...##......#...#
#........#####.##.P##
#....#.#.....###..##


You could see a moth of wrath, a komodo dragon (berserk), a black mamba
(berserk), a rime drake, a steam dragon (berserk), Keith's ghost and a friendly
troll (berserk).

Vanquished Creatures
  A centaur warrior (D:11)
  Pikel (D:4)
  A deep elf mage (D:11)
  5 oklob plants
  A cyclops (D:10)
  A black mamba (Lair:2)
  Joseph (Lair:1)
  7 spiny frogs
  4 komodo dragons
  A queen bee (Lair:3)
  A troll (D:11)
  2 slime creatures (D:11)
  3 blink frogs (Lair:2)
  A dream sheep (Lair:3)
  5 hippogriffs
  Sigmund (D:3)
  A spriggan (D:8)
  A vampire (D:10)
  2 wraiths (D:11)
  3 yaks (D:10)
  A hungry ghost (D:9)
  2 steam dragons
  Grum (D:8)
  2 insubstantial wisps (D:11)
  Menkaure (D:6)
  6 porcupines
  Duvessa (D:4)
  3 slaves (D:4)
  5 water moccasins
  8 orc warriors
  4 phantoms
  An ice beast (D:7)
  7 sky beasts
  9 necrophages
  3 black bears
  6 ogres
  29 wolves
  11 centaurs
  5 crocodiles
  2 big kobolds
  2 elf zombies (Ossuary)
  16 bullfrogs
  A gnoll sergeant (D:6)
  Dowan (D:4)
  A wyvern skeleton (D:9)
  3 scorpions
  23 killer bees
  3 wights (D:9)
  A howler monkey (D:5)
  4 crimson imps
  2 human zombies (Ossuary)
  A quasit (D:9)
  A jelly (D:11)
  6 bullfrog zombies
  4 bullfrog skeletons
  Crazy Yiuf (D:4)
  3 centaur skeletons
  7 orc priests
  8 hounds
  13 orc wizards
  5 iguanas
  8 worker ants
  A killer bee zombie (D:8)
  2 big kobold zombies (Ossuary)
  3 hound skeletons
  2 hound zombies
  4 mummies (Ossuary)
  A howler monkey zombie (D:7)
  3 worker ant zombies
  9 gnolls
  10 adders
  3 shadow imps
  2 oozes
  An adder zombie (D:8)
  5 worms
  5 dart slugs
  4 leopard geckos
  48 orcs
  4 giant cockroaches
  12 goblins
  9 hobgoblins
  12 jackals
  19 kobolds
  3 quokkas
  3 ball pythons
  6 bats
  17 frilled lizards
  A giant cockroach zombie (D:5)
  2 gnoll zombies (Ossuary)
  A leopard gecko skeleton (D:5)
  A leopard gecko zombie (D:7)
  2 orc zombies (Ossuary)
  A quokka skeleton (D:9)
  8 rats
  2 rat zombies
  4 bushes (D:7)
  9 fungi
  12 plants
495 creatures vanquished.

Vanquished Creatures (others)
  A centaur (D:11)
  A fungus (D:11)
  8 plants
10 creatures vanquished.

Grand Total: 505 creatures vanquished

Notes
Turn   | Place    | Note
-------+----------+-------------------------------------------
     0 | D:1      | Fang the Gargoyle Berserker began the quest for the Orb.
     0 | D:1      | Reached XP level 1. HP: 14/14 MP: 1/1
   259 | D:1      | Reached XP level 2. HP: 18/19 MP: 2/2
   539 | D:1      | Reached XP level 3. HP: 23/23 MP: 3/3
   597 | D:1      | Reached ** piety under Trog
  1388 | D:2      | Found a basalt altar of Yredelemnul.
  1391 | D:2      | Found an ornate altar of the Wu Jian Council.
  1394 | D:2      | Found a stormy altar of Qazlal.
  1658 | D:2      | Reached XP level 4. HP: 29/29 MP: 4/4
  1731 | D:2      | Reached *** piety under Trog
  2038 | D:3      | Reached XP level 5. HP: 30/33 MP: 5/5
  2783 | D:3      | Noticed an orc warrior
  2788 | D:3      | Reached XP level 6. HP: 39/39 MP: 6/6
  2799 | D:3      | Killed an orc warrior
  2807 | D:3      | Reached **** piety under Trog
  3071 | D:3      | Noticed Sigmund
  3084 | D:3      | Killed Sigmund
  3084 | D:3      | Reached skill level 5 in Fighting
  3084 | D:3      | Reached XP level 7. HP: 32/44 MP: 7/7
  3828 | D:4      | Noticed Duvessa
  3828 | D:4      | Noticed Dowan
  3836 | D:4      | Reached skill level 5 in Armour
  3837 | D:4      | Killed Duvessa
  3837 | D:4      | Reached XP level 8. HP: 51/51 MP: 8/8
  3843 | D:4      | Killed Dowan
  4022 | D:4      | Reached skill level 5 in Axes
  4128 | D:4      | Noticed Pikel
  4152 | D:4      | Killed Pikel
  4434 | D:4      | Found a runed translucent door.
  4435 | D:4      | Noticed Crazy Yiuf
  4548 | D:4      | Killed Crazy Yiuf
  4685 | D:4      | Got an iridescent mace
  4686 | D:4      | Identified the +8 mace of Slow Death {venom, rC- Int+5
                  | Dex+9} (You found it on level 4 of the Dungeon)
  4710 | D:5      | Entered Level 5 of the Dungeon
  4768 | D:5      | Reached XP level 9. HP: 42/56 MP: 9/9
  4954 | D:5      | Reached skill level 5 in Dodging
  5041 | D:5      | Reached ***** piety under Trog
  5538 | D:6      | Found an opulent altar of Gozag.
  5538 | D:6      | Found an ancient bone altar of Kikubaaqudgha.
  5549 | D:6      | Found a snail-covered altar of Cheibriados.
  5757 | D:6      | Found a glowing silver altar of Zin.
  5821 | D:6      | Found a staircase to the Ecumenical Temple.
  5830 | D:6      | Found a sand-covered staircase.
  5857 | Ossuary  | Entered an ossuary
  6603 | D:6      | Noticed Menkaure
  6615 | D:6      | Killed Menkaure
  6732 | D:6      | Found a hazy altar of Hepliaklqana.
  6950 | Temple   | Entered the Ecumenical Temple
  6967 | D:7      | Received a gift from Trog
  7119 | D:7      | Reached XP level 10. HP: 43/64 MP: 10/10
  7840 | D:7      | Found a radiant altar of Vehumet.
  7863 | D:7      | Found a glowing golden altar of the Shining One.
  7864 | D:7      | Found a sparkling altar of Nemelex Xobeh.
  8089 | D:7      | Found a blossoming altar of Fedhas.
  8848 | D:8      | Received a gift from Trog
  8984 | D:8      | Noticed Grum
  9023 | D:8      | Killed Grum
  9253 | D:9      | Reached XP level 11. HP: 60/71 MP: 11/11
  9302 | D:9      | Received a gift from Trog
  9716 | D:10     | Entered Level 10 of the Dungeon
  9774 | D:10     | Reached skill level 10 in Fighting
  9802 | D:10     | Found Wagof's Antique Armour Shop.
  9826 | D:10     | Bought a pair of runed boots for 195 gold pieces
  9923 | D:10     | Noticed a cyclops
  9934 | D:10     | Killed a cyclops
 10073 | D:10     | Found a shattered altar of Ashenzari.
 10332 | D:11     | Reached skill level 10 in Armour
 10354 | D:11     | Found a staircase to the Lair.
 10365 | D:11     | Noticed a deep elf mage
 10373 | D:11     | Killed a deep elf mage
 10699 | D:11     | Noticed a centaur warrior
 10709 | D:11     | Killed a centaur warrior
 10709 | D:11     | Reached XP level 12. HP: 79/79 MP: 8/12
 10824 | D:11     | Received a gift from Trog
 11054 | Lair:1   | Entered Level 1 of the Lair of Beasts
 11125 | Lair:1   | Got a jewelled war axe
 11126 | Lair:1   | Identified the +9 war axe "Qyofol" {speed, Fragile MR+
                  | Str+3} (You found it on level 1 of the Lair of Beasts)
 11483 | Lair:1   | Noticed Joseph
 11501 | Lair:1   | Killed Joseph
 11687 | Lair:1   | Found an opulent altar of Gozag.
 12217 | Lair:2   | Found a staircase to the Snake Pit.
 12842 | Lair:2   | Reached skill level 10 in Axes
 12947 | Lair:3   | Reached ****** piety under Trog
 12948 | Lair:3   | Reached XP level 13. HP: 40/86 MP: 7/13
 13253 | Lair:3   | Found the +10 dark maul {crush}
 13284 | Lair:3   | HP: 6/129 [acid (6)]
 13747 | Lair:3   | Received a gift from Trog
 13896 | Lair:3   | Noticed Keith's ghost (journeyman GrBe)
 13903 | Lair:3   | Found a transporter.
 13928 | Lair:3   | Found a transporter.
 13985 | Lair:3   | Slain by a komodo dragon

Skill      XL: |  1  2  3  4  5  6  7  8  9 10 11 12 13 |
---------------+----------------------------------------+-----
Dodging        | 2 3 4 5 7 8 9 |  9.5
Axes           | 3 4 5 6 8 9 10 | 10.5
Armour         | 3 4 5 6 7 9 10 11 12 | 12.1
Fighting       | 4 5 6 8 9 10 12 | 12.3

Action                   |  1- 3 |  4- 6 |  7- 9 | 10-12 | 13-15 || total
-------------------------+-------+-------+-------+-------+-------++-------
Melee: Hand axe          |   118 |   113 |       |       |       ||   231
       War axe           |       |    55 |   430 |   594 |   103 ||  1182
       Mace              |       |       |     8 |       |       ||     8
       Unarmed           |       |       |     2 |       |       ||     2
       Battleaxe         |       |       |       |   227 |       ||   227
Invok: Berserk           |     1 |     4 |     4 |     3 |     2 ||    14
       Trog's Hand       |       |       |       |       |     2 ||     2
       Brothers in Arms  |       |       |       |       |     1 ||     1
  Use: Scroll            |       |     3 |    10 |     8 |     4 ||    25
       Potion            |       |       |       |     2 |       ||     2
  Eat: Chunk             |     3 |     9 |    14 |    22 |     1 ||    49
       Ration            |       |       |     1 |       |     1 ||     2
Armor: Animal skin       |    24 |       |       |       |       ||    24
       Chain mail        |    27 |   175 |       |       |       ||   202
       Plate armour      |       |       |   436 |   620 |    52 ||  1108
Dodge: Dodged            |    76 |   115 |   246 |   808 |   111 ||  1356
